 Dungeon Crawl Stone Soup version 0.31-a0-654-gbe3e110b4e (webtiles) character file.

Game seed: 10172084825262041837

69 CowFu the Ruffian (level 4, 0/34 HPs)
             Began as a Gnoll Shapeshifter on Aug 29, 2023.
             Slain by an orc
             ... wielding a +0 hand axe of electrocution
              (2 damage)
             ... on level 3 of the Dungeon.
             The game lasted 00:01:04 (896 turns).

CowFu the Ruffian (Gnoll Shapeshifter)               Turns: 896, Time: 00:01:05

Health: 0/34       AC:  8    Str: 16    XL:     4   Next: 20%
Magic:  5/5        EV:  8    Int:  9    God:
Gold:   14         SH:  0    Dex: 11    Spells: 5/5 levels left

rFire   . . .        e - +2 short sword (freeze)
rCold   . . .        (no shield)
rNeg    . . .        o - +0 chain mail
rPois   .            (helmet currently unavailable)
rElec   .            (cloak currently unavailable)
rCorr   .            (gloves currently unavailable)
SInv    .            (boots currently unavailable)
Will    +....        (no amulet) Stlth
                     k - ring of willpower
HPRegen 0.25/turn    (no ring)
MPRegen 0.09/turn

%: no passive effects
@: beast-form
A: beast (slay +3), fangs 1, strong nose, distributed training
a: Begin Untransformation


You were on level 3 of the Dungeon.
You were a hulking beast.
You visited 1 branch of the dungeon, and saw 3 of its levels.

You collected 14 gold pieces.

Inventory:

Hand Weapons
 e - a +2 short sword of freezing (weapon)
Armour
 o - a +0 chain mail (worn)
Jewellery
 k - a ring of willpower (left hand)
Talismans
 c - a beast talisman (active)
 d - a flux talisman
Scrolls
 a - a scroll of enchant weapon {unknown}
 g - 2 scrolls of blinking {unknown}
 i - a scroll of teleportation {unknown}
 j - a scroll of identify {unknown}
 l - a scroll of immolation {unknown}
Potions
 b - a potion of lignification
 f - a potion of degeneration {unknown}
 h - a potion of mutation {unknown}
 m - a potion of curing {unknown}
 n - a potion of heal wounds {unknown}


   Skills:
 + Level 2.7 Fighting
 + Level 1.1 Short Blades
 + Level 1.1 Long Blades
 + Level 1.1 Axes
 + Level 1.1 Maces & Flails
 + Level 1.1 Polearms
 + Level 1.1 Staves
 + Level 1.1 Ranged Weapons
 + Level 1.1 Throwing
 + Level 1.1 Armour
 + Level 4.6 Dodging
 + Level 1.1 Stealth
 + Level 1.1 Shields
 + Level 6.6 Unarmed Combat
 + Level 1.1 Spellcasting
 + Level 0.8 Conjurations
 + Level 0.8 Hexes
 + Level 0.8 Summonings
 + Level 0.8 Necromancy
 + Level 0.8 Translocations
 + Level 0.8 Transmutations
 + Level 0.8 Fire Magic
 + Level 0.8 Ice Magic
 + Level 0.8 Air Magic
 + Level 0.8 Earth Magic
 + Level 0.8 Poison Magic
 + Level 1.2 Invocations
 + Level 1.1 Evocations
 + Level 6.5 Shapeshifting


You had 5 spell levels left.
You didn't know any spells.
Your spell library was empty.

Dungeon Overview and Level Annotations

Branches:
Dungeon (3/15)

Altars:


Innate Abilities, Weirdness & Mutations

You are a hulking beast.
Your limbs bulge with bestial killing power. (Slay +3)
You have very sharp teeth.
Your uncanny sense of smell can sniff out nearby items.
Your experience applies equally to all skills.


Message History

The orc is severely wounded.
The orc hits you but does no damage.
You barely miss the orc. Your bite misses the orc.
The orc is severely wounded.
The orc barely misses you.
The orc priest mumbles some strange prayers to Beogh against you.
Beogh smites you!
The orc hits you with a +0 hand axe of electrocution.
You hit the orc but do no damage.
The orc is severely wounded.
The orc hits you but does no damage. The orc priest barely misses you.
The orc barely misses you.
You puncture the orc! You freeze the orc.
You kill the orc!
The orc hits you with a +0 hand axe of electrocution.
The orc priest looks satisfied for a moment.
You hit the orc priest. You freeze the orc priest.
The orc priest is lightly wounded.
The orc hits you but does no damage.
The orc priest hits you with a +0 morningstar!
* * * LOW HITPOINT WARNING * * *
You are too injured to fight recklessly!
You are too injured to fight recklessly!
You are too injured to fight recklessly!
You barely miss the orc priest.
The orc priest is lightly wounded.
The orc barely misses you. The orc priest barely misses you.
You hit the orc priest but do no damage.
The orc priest is lightly wounded.
The orc barely misses you. The orc priest closely misses you.
You hit the orc priest. You freeze the orc priest.
The orc priest is severely wounded.
The orc closely misses you.
The orc priest calls down the wrath of Beogh upon you.
Beogh smites you!
* * * LOW HITPOINT WARNING * * *
You hit the orc priest but do no damage.
The orc priest is severely wounded.
The orc hits you with a +0 hand axe of electrocution.
You die...

..♣♣♣...#.#.#
...♣........#
..........###
........♣..## #
.......:♣♣..#.#
..............#
........†.....#
.####.........#
##..h)....#
#.oo...♣.#
#.....♣♣ #
#......♣
......... ∆
..........#
.$.........#
......♣♣....#


You could see an orc priest and an orc.

Vanquished Creatures
  Jessica (D:2)
  An adder (D:2)
  3 orcs (D:3)
  A ball python (D:2)
  3 endoplasms (D:1)
  A giant cockroach (D:2)
  A goblin (D:1)
  A hobgoblin (D:1)
  4 jackals (D:3)
  3 kobolds (D:1)
  2 quokkas (D:1)
  4 bats
  A frilled lizard (D:2)
  2 rats (D:2)
28 creatures vanquished.

Notes
Turn   | Place    | Note
-------+----------+-------------------------------------------
     0 | D:1      | CowFu the Gnoll Shapeshifter began the quest for the Orb.
     0 | D:1      | Reached XP level 1. HP: 17/17 MP: 1/1
   113 | D:1      | Reached XP level 2. HP: 22/23 MP: 2/2
   289 | D:1      | You fall into a shaft and drop 1 floor!
   374 | D:2      | Reached XP level 3. HP: 26/28 MP: 3/3
   576 | D:2      | Noticed Jessica
   580 | D:2      | Killed Jessica
   581 | D:2      | Reached skill level 1 in Short Blades
   581 | D:2      | Reached skill level 1 in Long Blades
   581 | D:2      | Reached skill level 1 in Axes
   581 | D:2      | Reached skill level 1 in Maces & Flails
   581 | D:2      | Reached skill level 1 in Polearms
   581 | D:2      | Reached skill level 1 in Staves
   581 | D:2      | Reached skill level 1 in Ranged Weapons
   581 | D:2      | Reached skill level 1 in Throwing
   581 | D:2      | Reached skill level 1 in Armour
   581 | D:2      | Reached skill level 1 in Stealth
   581 | D:2      | Reached skill level 1 in Shields
   581 | D:2      | Reached skill level 1 in Spellcasting
   581 | D:2      | Reached skill level 1 in Invocations
   581 | D:2      | Reached skill level 1 in Evocations
   603 | D:2      | Reached XP level 4. HP: 33/34 MP: 5/5
   895 | D:3      | HP: 1/34 [orc priest/divine providence (9)]
   896 | D:3      | Slain by an orc

Illustrated notes

Levels and vault maps discovered:
D:1:      dpeg_arrival_round_b, layout_loops_ring, basic_ecumenical_altar
D:2:      layout_loops_ring, uniq_jessica
D:3:      layout_basic, kennysheep_decorative_pillar, uniq_ijyb

Skill      XL: |  1  2  3 |
---------------+----------+-----
Short Blades   | 1 |  1.1
Long Blades    | 1 |  1.1
Axes           | 1 |  1.1
Maces & Flails | 1 |  1.1
Polearms       | 1 |  1.1
Staves         | 1 |  1.1
Ranged Weapons | 1 |  1.1
Throwing       | 1 |  1.1
Armour         | 1 |  1.1
Stealth        | 1 |  1.1
Shields        | 1 |  1.1
Spellcasting   | 1 |  1.1
Invocations    | 1 |  1.2
Evocations     | 1 |  1.1
Fighting       | |  2.7
Dodging        | |  4.6
Unarmed Combat | |  6.6
Conjurations   | |  0.8
Hexes          | |  0.8
Summonings     | |  0.8
Necromancy     | |  0.8
Translocations | |  0.8
Transmutations | |  0.8
Fire Magic     | |  0.8
Ice Magic      | |  0.8
Air Magic      | |  0.8
Earth Magic    | |  0.8
Poison Magic   | |  0.8
Shapeshifting  | |  6.5

Action                     |  1- 3 |  4- 6 || total
---------------------------+-------+-------++-------
  Melee: Short sword       |    45 |    19 ||    64
         Unarmed           |     2 |       ||     2
         Bite              |     3 |     3 ||     6
         Punch             |     1 |       ||     1
 Armour: Animal skin       |     7 |       ||     7
         Chain mail        |       |     9 ||     9
  Dodge: Dodged            |    28 |    10 ||    38

Table legend: (Time is in decaauts)
 A = Elapsed time spent in this place.
 B = Non-inter-level travel time spent in this place.
 C = Inter-level travel time spent in this place.
 D = Time resting spent in this place.
 E = Time spent auto-exploring this place.
 F = Levels seen in this place.
 G = Mean time per level.
                   A        B        C        D        E       F      G
               +--------+--------+--------+--------+--------+-----+--------+
         Total |    892 |    834 |     58 |      0 |    671 |   3 |  297.3 |
       Dungeon |    892 |    834 |     58 |      0 |    671 |   3 |  297.3 |
               +--------+--------+--------+--------+--------+-----+--------+

Top non-repeatable levels by time:
     D:2: 571 daAuts
     D:1: 287 daAuts
     D:3: 33 daAuts
